 Dungeon Crawl Stone Soup version 0.17-a0-1617-gfba1302 (webtiles) character file.

14226 matakusis the Nimble (level 11, -8/89 HPs)
             Began as a Demonspawn Gladiator on Aug 1, 2015.
             Was a High Priest of Ru.
             Mangled by Rupert
             ... wielding a +2 battleaxe of holy wrath
              (12 damage)
             ... on level 4 of the Lair of Beasts.
             The game lasted 01:26:20 (12592 turns).

matakusis the Nimble (Demonspawn Gladiator)        Turns: 12592, Time: 01:26:20

Health: -8/89      AC: 15    Str: 22    XL:     11   Next: 85%
Magic:  0/11       EV: 15    Int:  8    God:    Ru [*****.]
Gold:   678        SH:  9    Dex: 14    Spells: 0 memorised, 10 levels left

rFire  + . .     SeeInvis .     q - +4 war axe (chop)
rCold  + . .     Clarity  +     c - +3 leather armour {rC+}
rNeg   . . .     SustAt   .     Q - +0 shield
rPois  .         Gourm    +     (helmet restricted)
rElec  .         Spirit   +     n - +0 cloak
rCorr  .         Warding  .     e - +0 pair of gloves
rMut   .         Stasis   .     (no boots)
MR     .....                    s - amulet of the gourmand
Stlth  ..........               p - +4 ring of strength
                                o - ring of protection from magic

@: drained, not resistant to hostile enchantments, extremely unstealthy
A: antennae 2, iridescent scales 2, clarity, dopey 1, fire resistance 1, spiny
2, spit poison 1, evolution 2, magic shield, no stealth, inability to use
devices, magic vulnerability 1
a: Spit Poison, Draw Out Power, Power Leap, Apocalypse, Renounce Religion


You were on level 4 of the Lair of Beasts.
You worshipped Ru.
Ru was extremely pleased with you.
You were very full.

You visited 3 branches of the dungeon, and saw 14 of its levels.
You also visited: Sewer.

You collected 678 gold pieces.

Inventory:

Hand weapons
 a - a +0 war axe
 f - a +0 quarterstaff of speed
 q - a +4 war axe of chopping (weapon)
 y - a +8 long sword of freezing
Missiles
 d - 2 throwing nets (quivered)
Armour
 c - a +3 leather armour of cold resistance (worn)
 e - a +0 pair of gloves (worn)
 n - a +0 cloak (worn)
 O - a +0 plate armour of fire resistance
 Q - a +0 shield (worn)
 R - a +1 ring mail of cold resistance
Jewellery
 m - an uncursed ring of poison resistance
 o - a ring of protection from magic (left hand)
 p - a +4 ring of strength (right hand)
 r - an uncursed ring of protection from cold
 s - an amulet of the gourmand (around neck)
 B - an uncursed ring of ice
 L - an uncursed ring of protection from magic
Scrolls
 i - 3 scrolls of teleportation
 l - a scroll of remove curse
 x - 4 scrolls of fear
 F - 3 scrolls of fog
 H - a scroll of enchant armour
 K - a scroll of amnesia
Potions
 g - 2 potions of haste
 j - a potion of resistance
 k - 5 potions of heal wounds
 t - 8 potions of curing
 v - 3 potions of brilliance
 w - 2 potions of might
 D - 6 potions of agility
 M - a potion of magic
Books
 T - a book of Death

   Spells                             Type                      Level
   a - Corpse Rot                     Necromancy                   2
   b - Sublimation of Blood           Necromancy                   2
   c - Agony                          Necromancy                   5
   d - Dispel Undead                  Necromancy                   5
   e - Excruciating Wounds            Charms/Necromancy            5
   f - Bolt of Draining               Conjuration/Necromancy       5
 X - an Akashic Record

   Spells                             Type                      Level
   a - Dispersal                      Translocation                6
   b - Controlled Blink               Translocation                7
   c - Malign Gateway                 Summoning/Translocation      7
   d - Disjunction                    Translocation                8
 Y - a book of the Earth

   Spells                             Type                      Level
   a - Leda's Liquefaction            Hexes/Earth                  4
   b - Bolt of Magma                  Conjuration/Fire/Earth       5
   c - Statue Form                    Transmutation/Earth          6
   d - Iron Shot                      Conjuration/Earth            6
   e - Shatter                        Earth                        9
Miscellaneous
 z - a lantern of shadows
Comestibles
 b - 6 bread rations
 h - 10 slices of pizza
 u - 6 beef jerkies
 A - 8 meat rations
 E - a royal jelly
 G - 4 chunks of flesh
 V - 15 fruits


   Skills:
 + Level 9.0(8.7) Fighting
 + Level 10.0(9.7) Axes
 - Level 1.7(1.5) Throwing
 + Level 5.6(5.3) Armour
 + Level 10.9(10.6) Dodging
 + Level 3.0(2.7) Shields


You had 10 spell levels left.
You didn't know any spells.

Dungeon Overview and Level Annotations

Branches:
Dungeon (9/15)             Temple (1/1) D:6            Lair (4/8) D:9
  Swamp: Lair:3-6    Shoals: Lair:3-6     Snake: Lair:3-6    Spider: Lair:3-6
    Orc: D:9-12

Altars:
Ashenzari
Cheibriados
Dithmenos
Elyvilon
Fedhas
Gozag
Kikubaaqudgha
Makhleb
Nemelex Xobeh
Okawaru
Qazlal
Ru
Sif Muna
Trog
Vehumet
Xom
Yredelemnul
Zin
The Shining One

Annotations:
Lair:4 Rupert


Innate Abilities, Weirdness & Mutations

You have a pair of antennae on your head.
You are mostly covered in iridescent scales (AC +6).
You are dopey. (Int -2)
You are mostly covered in sharp spines.
When hurt, damage is shared between your health and your magic reserves.
You cannot be stealthy.
You cannot study or use magical devices.
You are slightly vulnerable to magic.
You possess an exceptional clarity of mind.
Your flesh is heat resistant.
You can spit weak poison.
You rapidly evolve.


Message History

You convulse.
You slash Rupert!
Rupert is severely wounded.
Rupert hits you with a battleaxe of holy wrath!!
* * * LOW HITPOINT WARNING * * *
You convulse!
* * * LOW HITPOINT WARNING * * *
Use which ability? (? or * to list)
You don't have enough magic at the moment.
Rupert hits you but does no damage.
You feel less exhausted.
Found 20 gold pieces.
Rupert barely misses you.
Found a slice of pizza.
The porcupine is stunned by your will and fails to attack.
Rupert is struck by your spines.
Rupert hits you with a battleaxe of holy wrath!
* * * LOW HITPOINT WARNING * * *
You convulse!
You die...

#.# ##..# . .
#.#.##........
#. ....##......
... #....#.#....
.... #.$.......<
#....#..%.P#...#
#.....@#####..#
#.P###@r#.##..#
#.#.#.#..#
#........#
###.##........
#######..#.# ###


You could see Rupert (berserk) and a porcupine.

Vanquished Creatures
  Fannar (Lair:3)
  A hill giant (D:9)
  A griffon (Lair:3)
  3 black mambas
  An elephant (D:9)
  4 spiny frogs
  A komodo dragon (Lair:1)
  A hog (D:7)
  12 yaks
  A hungry ghost (D:7)
  3 hippogriffs
  A human (D:7)
  4 swamp worms (Lair:1)
  5 water moccasins
  3 wolves (Lair:3)
  4 porcupines
  4 ogres
  3 orc warriors
  2 necrophages
  A sky beast (D:8)
  2 phantoms
  An eye of draining (D:8)
  4 ice beasts
  4 centaurs
  4 crocodiles
  A big kobold (D:9)
  19 giant frogs
  A scorpion (D:9)
  4 wights (D:6)
  An electric eel (Lair:2)
  2 crimson imps
  5 orc wizards
  2 centaur zombies
  A giant frog skeleton (D:7)
  A centaur skeleton (D:4)
  6 orc priests
  5 hounds
  7 iguanas
  A quasit (D:7)
  Natasha (thrice) (D:4)
  3 sheep (D:7)
  5 worker ants
  A hound skeleton (D:7)
  Robin (D:3)
  2 worker ant zombies
  12 adders
  27 river rats
  2 shadow imps
  An ooze (Sewer)
  2 adder skeletons
  An adder zombie (D:9)
  19 worms
  4 giant geckos
  31 orcs
  5 bats
  23 goblins
  8 hobgoblins
  6 jackals (D:2)
  29 kobolds
  7 quokkas
  7 ball pythons
  6 giant cockroaches
  A giant gecko skeleton (D:5)
  A jackal zombie (D:5)
  21 rats
  A spectral orc (D:6)
  A bush (Lair:2)
  3 butterflies (D:6)
  2 fungi
  8 plants (Lair:1)
370 creatures vanquished.

Vanquished Creatures (others)
  A hydra (Lair:2)
  A trapdoor spider zombie (D:9)
  A giant frog (Lair:3)
  7 fungi
  3 plants (Lair:1)
13 creatures vanquished.

Grand Total: 383 creatures vanquished

Notes
Turn   | Place    | Note
--------------------------------------------------------------
     0 | D:1      | matakusis the Demonspawn Gladiator began the quest for the Orb.
     0 | D:1      | Reached XP level 1. HP: 16/16 MP: 1/1
   521 | D:1      | Reached skill level 3 in Axes
   521 | D:1      | Gained mutation: When hurt, damage is shared between your health and your magic reserves. [demonic ancestry]
   521 | D:1      | Reached XP level 2. HP: 22/22 MP: 2/2
  1054 | D:2      | Gained mutation: You are partially covered in sharp spines. [demonic ancestry]
  1054 | D:2      | Reached XP level 3. HP: 24/27 MP: 3/3
  1355 | D:2      | Reached skill level 1 in Armour
  1745 | D:2      | Gained mutation: You are partially covered in iridescent scales (AC +4). [demonic ancestry]
  1745 | D:2      | Reached XP level 4. HP: 32/34 MP: 4/4
  2038 | D:3      | Found a snail-covered altar of Cheibriados.
  2055 | D:3      | Gained mutation: You are frail (-10% HP). [potion of mutation]
  2055 | D:3      | Gained mutation: You evolve. [potion of mutation]
  2055 | D:3      | Gained mutation: You are resistant to hostile enchantments. [potion of mutation]
  2096 | D:3      | Found a blossoming altar of Fedhas.
  2109 | D:3      | Noticed Robin
  2127 | D:3      | Killed Robin
  2213 | D:3      | Gained mutation: You have a pair of small antennae on your head. [demonic ancestry]
  2213 | D:3      | Reached XP level 5. HP: 35/35 MP: 5/5
  2294 | D:3      | Gained mutation: You can spit weak poison. [evolution]
  2406 | D:3      | Found a faded altar to an unknown god.
  2414 | D:3      | Became a worshipper of Gozag Ym Sagoz the Greedy
  2415 | D:3      | Fell from the grace of Gozag
  2522 | D:3      | Found an ancient bone altar of Kikubaaqudgha.
  2701 | D:4      | Reached skill level 4 in Dodging
  2826 | D:4      | Noticed an ogre
  2844 | D:4      | Killed an ogre
  2844 | D:4      | Gained mutation: You have a pair of antennae on your head. [demonic ancestry]
  2844 | D:4      | Reached XP level 6. HP: 15/42 MP: 2/6
  3100 | D:4      | Noticed Natasha
  3106 | D:4      | Killed Natasha
  3120 | D:4      | Noticed an ogre
  3126 | D:4      | Killed an ogre
  3126 | D:4      | Was forgiven by Gozag
  3149 | D:4      | Reached XP level 7. HP: 46/46 MP: 7/7
  3162 | D:4      | Noticed a phantom
  3173 | D:4      | Killed a phantom
  3271 | D:4      | Noticed Natasha
  3277 | D:4      | Killed Natasha
  3284 | D:4      | Noticed Natasha
  3288 | D:4      | Killed Natasha
  3586 | D:5      | Entered Level 5 of the Dungeon
  3586 | D:5      | Found a glowing drain.
  3620 | Sewer    | Entered a sewer
  3651 | Sewer    | Reached skill level 5 in Dodging
  3905 | Sewer    | Reached skill level 5 in Axes
  4174 | Sewer    | Identified a scroll of acquirement
  4523 | D:5      | Gained mutation: You are mostly covered in sharp spines. [demonic ancestry]
  4523 | D:5      | Reached XP level 8. HP: 50/54 MP: 6/8
  4821 | D:6      | Reached skill level 6 in Dodging
  4903 | D:6      | Found a staircase to the Ecumenical Temple.
  4924 | Temple   | Entered the Ecumenical Temple
  5011 | Temple   | Became a worshipper of Ru the Awakened
  5055 | D:6      | Found a basalt altar of Yredelemnul.
  5504 | D:7      | Reached skill level 5 in Fighting
  5514 | D:7      | Reached skill level 7 in Dodging
  5638 | D:7      | Reached XP level 9. HP: 61/61 MP: 9/9
  5695 | D:7      | Lost mutation: You are resistant to hostile enchantments. [Ru sacrifice]
  5695 | D:7      | Gained mutation: You are slightly vulnerable to magic. [Ru sacrifice]
  5695 | D:7      | Acquired Ru's first power
  5695 | D:7      | Acquired Ru's second power
  5698 | D:7      | Gained mutation: You can spit poison. [potion of mutation]
  5698 | D:7      | Gained mutation: Your mind is acute. (Int +2) [potion of mutation]
  5698 | D:7      | Gained mutation: Your magical capacity is low (-10% MP). [potion of mutation]
  6017 | D:7      | Gained mutation: Your body sometimes deteriorates upon taking damage. [evolution]
  6095 | D:7      | Lost mutation: Your mind is acute. (Int +2) [potion of cure mutation]
  6095 | D:7      | Lost mutation: Your body sometimes deteriorates upon taking damage. [potion of cure mutation]
  6095 | D:7      | Lost mutation: Your magical capacity is low (-10% MP). [potion of cure mutation]
  6095 | D:7      | Lost mutation: You are frail (-10% HP). [potion of cure mutation]
  6095 | D:7      | Lost mutation: You can spit poison. [potion of cure mutation]
  6130 | D:7      | Found an iron altar of Okawaru.
  6772 | D:8      | Reached skill level 8 in Dodging
  6911 | D:8      | Gained mutation: Armour fits poorly on your strangely shaped body. [mutagenic meat]
  6912 | D:8      | Gained mutation: You possess an exceptional clarity of mind. [mutagenic meat]
  6913 | D:8      | Gained mutation: You rapidly evolve. [mutagenic meat]
  7198 | D:8      | Found an iron altar of Okawaru.
  7212 | D:8      | Found an opulent altar of Gozag.
  7239 | D:8      | Found a glowing golden altar of the Shining One.
  7477 | D:9      | Reached XP level 10. HP: 61/77 MP: 10/10
  7566 | D:9      | Gained mutation: You are dopey. (Int -2) [Ru sacrifice]
  7597 | D:9      | Found a staircase to the Lair.
  7597 | D:9      | Noticed an elephant
  7614 | D:9      | Killed an elephant
  7641 | D:9      | Found a stormy altar of Qazlal.
  7773 | D:9      | Noticed a hill giant
  7779 | D:9      | Killed a hill giant
  7779 | D:9      | Reached skill level 9 in Dodging
  7846 | D:9      | Found a shimmering altar of Xom.
  8071 | D:9      | Found a burning altar of Makhleb.
  8074 | D:9      | Found a glowing silver altar of Zin.
  8074 | D:9      | Noticed an angel
  8075 | D:9      | Noticed a green death
  8090 | D:9      | Reached skill level 5 in Armour
  8554 | Lair:1   | Entered Level 1 of the Lair of Beasts
  8604 | Lair:1   | Noticed a black mamba
  8612 | Lair:1   | Killed a black mamba
  9102 | Lair:1   | Reached skill level 1 in Evocations
  9108 | Lair:1   | Gained mutation: You are mostly covered in iridescent scales (AC +6). [demonic ancestry]
  9108 | Lair:1   | Reached XP level 11. HP: 82/86 MP: 9/11
  9543 | Lair:1   | Reached skill level 10 in Dodging
  9627 | Lair:1   | Reached skill level 1 in Shields
  9647 | Lair:1   | Gained mutation: You cannot study or use magical devices. [Ru sacrifice]
  9647 | Lair:1   | Acquired Ru's third power
  9647 | Lair:1   | Acquired Ru's fourth power
  9647 | Lair:1   | Acquired Ru's fifth power
 10361 | Lair:2   | Noticed a four-headed hydra
 10372 | Lair:2   | Killed a ten-headed hydra
 10451 | Lair:2   | Lost mutation: Armour fits poorly on your strangely shaped body. [evolution]
 11558 | Lair:3   | Gained mutation: You cannot be stealthy. [Ru sacrifice]
 12281 | Lair:3   | Noticed Fannar
 12301 | Lair:3   | Killed Fannar
 12301 | Lair:3   | Reached skill level 10 in Axes
 12539 | Lair:3   | Gained mutation: Your flesh is heat resistant. [evolution]
 12561 | Lair:4   | Noticed Rupert
 12592 | Lair:4   | HP: 4/89 [Rupert/battleaxe of holy wrath (9)]
 12592 | Lair:4   | Mangled by Rupert

Vault maps used:
D:1:      minmay_arrival_radiant_lines
D:3:      cheibriados_altar_wand_db, old_standard_altar,
          nicolae_overflow_hidden_temple, ecumenical_altar_2, uniq_robin
D:4:      first_bread, grunt_ministairs_14, due_unseen_surprise, uniq_natasha
D:5:      minmay_thick_lines, gup_sewer_entry_glass
D:6:      yredelemnul_forgotten_temple_becter, minmay_temple_entry_butterflies
D:7:      grunt_livestock, okawaru_altar_gauntlet_db
D:8:      lemuel_doored_altar, amethyst_overflow_temple_binary
D:9:      grunt_temple_overflow_order_and_chaos_2,
          nicolae_overflow_crystal_walls, nicolae_qazlal_eye_of_the_storm,
          david_lair_generic
Temple:   cyrus_temple_forest_13
Lair:1:   worms_lemuel
Lair:2:   serial_bayou_shore_a, infiniplex_staircase_pool_2
Lair:3:   lemuel_fruit_fields, uniq_fannar
Lair:4:   shoals_dummy_entry, spider_nest_entry_a, st_stairs_5,
          fungi_pond_lemuel, ldierk_geyser, guppyfry_lair_drakes, uniq_rupert
Sewer:    sewer_minmay_treatment

Action                   |  1- 3 |  4- 6 |  7- 9 | 10-12 || total
-------------------------+-------+-------+-------+-------++-------
Melee: War axe           |    76 |    82 |   254 |   486 ||   898
Throw: Throwing net      |       |     1 |       |       ||     1
Invok: Renounce Religion |       |     1 |       |       ||     1
       Sacrifice Essence |       |       |     1 |       ||     1
       Sacrifice Purity  |       |       |       |     1 ||     1
       Draw Out Power    |       |       |       |     2 ||     2
       Power Leap        |       |       |       |     1 ||     1
       Sacrifice Stealth |       |       |       |     1 ||     1
       Sacrifice Artific |       |       |       |     1 ||     1
 Abil: Spit Poison       |       |     3 |     4 |       ||     7
Evoke: Wand              |       |       |     1 |     4 ||     5
  Use: Scroll            |     1 |    13 |     8 |     7 ||    29
       Potion            |       |     1 |     8 |     3 ||    12
 Stab: Held in net/web   |       |     1 |       |       ||     1
       Distracted        |       |       |     1 |     5 ||     6
       Invisible         |       |       |     1 |     2 ||     3
       Paralysed         |       |       |       |     2 ||     2
  Eat: Chunk             |     2 |     5 |    20 |    16 ||    43
       Bread ration      |       |     1 |       |     2 ||     3
